 Dungeon Crawl Stone Soup version 0.24.1-11-gbbbb2193e6 (webtiles) character file.

Game seed: 8337721441051797745, levelgen mode: deterministic

58 Peloso the Skirmisher (level 3, -2/29 HPs)
             Began as a Demonspawn Fighter on May 12, 2020.
             Slain by a worker ant (6 damage)
             ... on level 2 of the Dungeon.
             The game lasted 00:04:29 (1321 turns).

Peloso the Skirmisher (Demonspawn Fighter)          Turns: 1321, Time: 00:04:30

Health: -2/29      AC:  7    Str: 17    XL:     3   Next: 76%
Magic:  3/3        EV:  7    Int:  9    God:
Gold:   125        SH:  9    Dex: 12    Spells: 2/2 levels left

rFire    . . .     SeeInvis .   a - +0 long sword
rCold    + . .     Gourm    .   c - +0 shield
rNeg     . . .     Faith    .   j - +0 scale mail
rPois    .         Spirit   .   (no helmet)
rElec    .         Reflect  .   l - +0 cloak
rCorr    .         Harm     .   (no gloves)
MR       .....                  (no boots)
Stlth    ..........             (no amulet)
HPRegen  0.09/turn              (no ring)
MPRegen  0.08/turn              (no ring)

@: no status effects
A: cold resistance 1
a: no special abilities


You were on level 2 of the Dungeon.
You were not hungry.

You visited 1 branch of the dungeon, and saw 2 of its levels.

You collected 125 gold pieces.

Inventory:

Hand Weapons
 a - a +0 long sword (weapon)
Armour
 c - a +0 shield (worn)
 j - a +0 scale mail (worn)
 l - a +0 cloak (worn)
Jewellery
 i - an uncursed amulet of rage
Scrolls
 b - a scroll of immolation {unknown}
 e - a scroll of noise
 g - a scroll of identify
 k - 2 scrolls of magic mapping
 n - a scroll of remove curse
Potions
 h - a potion of invisibility {unknown}
 m - 2 potions of magic {unknown}
Comestibles
 d - a chunk of flesh
 f - 5 rations


   Skills:
 + Level 3.3 Fighting
 + Level 2.5 Long Blades
 + Level 3.1 Armour
 + Level 0.5 Dodging
 + Level 3.2 Shields


You had 2 spell levels left.
You didn't know any spells.
Your spell library was empty.

Dungeon Overview and Level Annotations

Branches:
Dungeon (2/15)

Altars:


Innate Abilities, Weirdness & Mutations

Your flesh is cold resistant. (rC+)


Message History

You now have 125 gold pieces (gained 10).
Things that are here:
a stone; 17 poisoned darts; a kobold corpse You see here 2 stones.
A worker ant comes into view.
The worker ant twitches its antennae in your direction.
A worker ant is nearby!
A worker ant is nearby!
There is a stone staircase leading down here.
The worker ant barely misses you. The worker ant bites you.
* * * LOW HITPOINT WARNING * * *
You closely miss the worker ant. The worker ant closely misses you.
You hit the worker ant.
The worker ant is lightly wounded.
You block the worker ant's attack. The worker ant barely misses you.
You closely miss the worker ant. You block the worker ant's attack.
The worker ant bites you but does no damage.
You hit the worker ant but do no damage.
The worker ant bites you.
You die...

##...## #.......#.. ##.....##
#.....†#..) #.....<.#
##>........# #.......#
###>.......... ##.......#
#...#..##.#... ........##
#.###........(
.........###<<...........
#.........a................
.........@..(.....#..##.##
........%....#......#..#
.......##>(.##........
.......##........(...##
##########.#..##(#.......####
#......# #.#.#..(##......#
#......###......(......#.#
#......................#..
#............#.....##.##


You could see a worker ant.

Vanquished Creatures
  An adder (D:2)
  A dart slug (D:1)
  A giant cockroach (D:1)
  6 goblins
  9 hobgoblins
  A quokka (D:2)
  A ball python (D:1)
  10 bats
  2 frilled lizards (D:1)
  9 kobolds
  7 rats
48 creatures vanquished.

Notes
Turn   | Place    | Note
-------+----------+-------------------------------------------
     0 | D:1      | Peloso the Demonspawn Fighter began the quest for the Orb.
     0 | D:1      | Reached XP level 1. HP: 18/18 MP: 1/1
    73 | D:1      | Gained mutation: Your flesh is cold resistant. (rC+)
                  | [demonic ancestry]
    73 | D:1      | Reached XP level 2. HP: 16/24 MP: 2/2
   506 | D:1      | Reached XP level 3. HP: 24/29 MP: 3/3
  1321 | D:2      | Slain by a worker ant

Levels and vault maps discovered:
D:1:      sevenhm_arrival_forest_fort_small_4, layout_basic,
          minmay_misc_feat_diagonals
D:2:      layout_rooms, first_ration, uniq_crazy_yiuf_cottage

Skill      XL: |  1  2 |
---------------+-------+-----
Long Blades    | 2 |  2.5
Shields        | 3 |  3.2
Armour         | 3 |  3.1
Fighting       | |  3.3
Dodging        | |  0.5

Action                   || total
-------------------------++-------
Melee: Long sword        ||   138
       Dagger            ||    92
  Use: Scroll            ||     6
       Potion            ||     1
  Eat: Chunk             ||     2
Armor: Scale mail        ||   115
Dodge: Dodged            ||    85
Block: Shield            ||   136
       Rpst.: Long sword ||    12
